 Dungeon Crawl Stone Soup version 0.32-a0-42-ga30500b4d3 (webtiles) character file.

Game seed: 596049673909845016

105 jlumianski the Ruffian (level 4, -1/34 HPs)
             Began as a Gnoll Shapeshifter on Feb 2, 2024.
             Succumbed to an orange demon's poison
             ... on level 1 of the Abyss.
             The game lasted 00:06:47 (1657 turns).

jlumianski the Ruffian (Gnoll Shapeshifter)         Turns: 1657, Time: 00:06:48

Health: -1/34      AC:  9    Str: 15    XL:     4   Next: 81%
Magic:  5/5        EV:  8    Int: 10    God:
Gold:   84         SH:  0    Dex: 11    Spells: 5/5 levels left

rFire   + .          .
                       - Unarmed
rCold   . . .        (no shield)
rNeg    . . .        i - +1 chain mail
rPois   .            (helmet currently unavailable)
rElec   .            (cloak currently unavailable)
rCorr   .            (gloves currently unavailable)
SInv    .            (boots currently unavailable)
Will    .....        (no amulet) Stlth
                     e - +4 ring of slaying
HPRegen 0.25/turn    s - ring of protection from fire
MPRegen 0.09/turn

%: no passive effects
@: lethally poisoned (-1 -> -12), beast-form
A: beast (slay +3), fangs 1, strong nose, distributed training
a: Begin Untransformation


You were on level 1 of the Abyss.
You were a hulking beast.
You visited 1 branch of the dungeon, and saw 3 of its levels.
You visited the Abyss 1 time.

You collected 84 gold pieces.

Inventory:

Missiles
 j - 5 poisoned darts (quivered)
 m - 4 boomerangs
Armour
 a - a +0 animal skin
 g - a +0 kite shield
 i - a +1 chain mail (worn)
Jewellery
 e - a +4 ring of slaying (left hand)
 s - a ring of protection from fire (right hand)
Talismans
 c - a beast talisman
 d - a flux talisman
Scrolls
 f - a scroll of enchant weapon
 h - a scroll of poison
 k - a scroll of noise {unknown}
 p - a scroll of revelation {unknown}
 q - a scroll of teleportation {unknown}
 r - 2 scrolls of enchant armour
Potions
 l - a potion of curing
 n - a potion of attraction {unknown}
 o - a potion of might {unknown}


   Skills:
 + Level 2.8 Fighting
 + Level 1.3 Short Blades
 + Level 1.3 Long Blades
 + Level 1.3 Axes
 + Level 1.3 Maces & Flails
 + Level 1.3 Polearms
 + Level 1.3 Staves
 + Level 1.3 Ranged Weapons
 + Level 1.3 Throwing
 + Level 1.3 Armour
 + Level 4.7 Dodging
 + Level 1.3 Stealth
 + Level 1.3 Shields
 + Level 6.6 Unarmed Combat
 + Level 1.3 Spellcasting
 + Level 1.0 Conjurations
 + Level 1.0 Hexes
 + Level 1.0 Summonings
 + Level 1.0 Necromancy
 + Level 1.0 Translocations
 + Level 1.0 Fire Magic
 + Level 1.0 Ice Magic
 + Level 1.0 Air Magic
 + Level 1.0 Earth Magic
 + Level 1.0 Alchemy
 + Level 1.4 Invocations
 + Level 1.3 Evocations
 + Level 6.6 Shapeshifting


You had 5 spell levels left.
You didn't know any spells.
Your spell library contained the following spells:

 Spells                   Type           Power      Damage    Failure   Level
 Kiss of Death            Conj/Necr      8%         2d6       98%         1
 Summon Small Mammal      Summ           8%         N/A       98%         1
 Call Canine Familiar     Summ           2%         N/A       100%        3
 Confusing Touch          Hex            2%         N/A       100%        3
 Dispel Undead            Necr           2%         3d7       100%        4
 Summon Blazeheart Golem  Fire/Summ      2%         N/A       100%        4


Dungeon Overview and Level Annotations

Branches:
Dungeon (3/15)

Altars:

Annotations:
D:3 Sigmund


Innate Abilities, Weirdness & Mutations

You are a hulking beast.
Your limbs bulge with bestial killing power. (Slay +3)
You have very sharp teeth.
Your uncanny sense of smell can sniff out nearby items.
Your experience applies equally to all skills.


Message History

Your transformation has ended.
You turn into a tree.
Your +0 chain mail melds into your body.
Your roots penetrate the ground.
Sigmund hits you with a +2 scythe of distortion.
* * * LOW HITPOINT WARNING * * *
You are cast into the Abyss!
This branch contains the abyssal rune of Zot.
You start resting.
Your transformation is almost over.
You feel less wooden.
Your +0 chain mail unmelds from your body.
You turn into a hulking beast.
You start resting.
A guardian serpent comes into view.
As you read the scroll labelled LUESUKYUCK, it crumbles to dust.
It is a scroll of enchant armour.
Your +0 chain mail glows green for a moment.
A wretched star comes into view.
Unknown command.
The orange demon stings you from afar!
You are lethally poisoned!
The orange demon poisons you!
You feel extremely sick.
A queen bee comes into view.
* * * LOW HITPOINT WARNING * * *
You feel very sick.
The queen bee buzzes angrily.
The air fills with toxic fumes!
As you read the scroll labelled WADGHE KOMYZIMYWK, it crumbles to dust.
It was a scroll of poison.
* * * LOW HITPOINT WARNING * * *
You feel very sick. The orange demon barely misses you.
* * * LOW HITPOINT WARNING * * *
You feel very sick.
The orange demon stings you but does no damage.
The queen bee is engulfed in poison gas.
The queen bee is poisoned.
You die...

§ §§ #§§ #######
§#§§### #... §#
§§§y§§§ #..§§§#
§.§§§§§###§§§§#
§§§§§§§h§4X§§#
§§§#§#§§§#§§§#
..§§§§§§§.§#
#§§§§§§§§§#...
§§§§§§§§§§##...#
§§§§§§§####
....# #######
####


You could see an orange demon, a large abomination and a queen bee (poisoned).

Vanquished Creatures
  6 adders (D:2)
  A ribbon worm (D:2)
  A dart slug (D:2)
  An endoplasm (D:1)
  2 giant cockroaches
  11 hobgoblins
  4 jackals (D:1)
  5 quokkas (D:1)
  2 ball pythons (D:2)
  4 bats (D:2)
  2 frilled lizards
  A kobold (D:1)
  6 rats
46 creatures vanquished.

Notes
Turn   | Place    | Note
-------+----------+-------------------------------------------
     0 | D:1      | jlumianski the Gnoll Shapeshifter began the quest for the
                  | Orb.
     0 | D:1      | Reached XP level 1. HP: 17/17 MP: 1/1
    95 | D:1      | Reached XP level 2. HP: 17/23 MP: 2/2
   132 | D:2      | Reached XP level 3. HP: 17/28 MP: 3/3
   332 | D:1      | Reached skill level 1 in Invocations
   683 | D:2      | Reached skill level 1 in Short Blades
   683 | D:2      | Reached skill level 1 in Long Blades
   683 | D:2      | Reached skill level 1 in Axes
   683 | D:2      | Reached skill level 1 in Maces & Flails
   683 | D:2      | Reached skill level 1 in Polearms
   683 | D:2      | Reached skill level 1 in Staves
   683 | D:2      | Reached skill level 1 in Ranged Weapons
   683 | D:2      | Reached skill level 1 in Throwing
   683 | D:2      | Reached skill level 1 in Armour
   683 | D:2      | Reached skill level 1 in Stealth
   683 | D:2      | Reached skill level 1 in Shields
   683 | D:2      | Reached skill level 1 in Spellcasting
   683 | D:2      | Reached skill level 1 in Evocations
   820 | D:2      | Reached XP level 4. HP: 29/34 MP: 5/5
   847 | D:2      | Reached skill level 1 in Conjurations
   847 | D:2      | Reached skill level 1 in Hexes
   847 | D:2      | Reached skill level 1 in Summonings
   847 | D:2      | Reached skill level 1 in Necromancy
   847 | D:2      | Reached skill level 1 in Translocations
   847 | D:2      | Reached skill level 1 in Fire Magic
   847 | D:2      | Reached skill level 1 in Ice Magic
   847 | D:2      | Reached skill level 1 in Air Magic
   847 | D:2      | Reached skill level 1 in Earth Magic
   847 | D:2      | Reached skill level 1 in Alchemy
  1544 | D:3      | Noticed Sigmund
  1548 | Abyss:1  | Cast into level 1 of the Abyss (Sigmund)
  1615 | Abyss:1  | Noticed a guardian serpent
  1618 | Abyss:1  | Noticed a wretched star
  1649 | Abyss:1  | Noticed a large abomination
  1649 | Abyss:1  | Noticed an orange demon
  1654 | Abyss:1  | Noticed a queen bee
  1656 | Abyss:1  | HP: 1/34 [poisoned by an orange demon]
  1657 | Abyss:1  | Succumbed to an orange demon's poison

Illustrated notes

Levels and vault maps discovered:
D:1:      ncdulo_halloftheorcs, layout_basic, minmay_misc_feat_diagonals
D:2:      layout_loops_ring, nicolae_half_adder
D:3:      minmay_inner_zag, layout_basic, uniq_sigmund
Abyss:1:  base: D:3, kilobyte_mutagenic_chamber

Skill      XL: |  1  2  3  4 |
---------------+-------------+-----
Invocations    | 1 |  1.4
Short Blades   | 1 |  1.3
Long Blades    | 1 |  1.3
Axes           | 1 |  1.3
Maces & Flails | 1 |  1.3
Polearms       | 1 |  1.3
Staves         | 1 |  1.3
Ranged Weapons | 1 |  1.3
Throwing       | 1 |  1.3
Armour         | 1 |  1.3
Stealth        | 1 |  1.3
Shields        | 1 |  1.3
Spellcasting   | 1 |  1.3
Evocations     | 1 |  1.3
Conjurations   | 1 |  1.0
Hexes          | 1 |  1.0
Summonings     | 1 |  1.0
Necromancy     | 1 |  1.0
Translocations | 1 |  1.0
Fire Magic     | 1 |  1.0
Ice Magic      | 1 |  1.0
Air Magic      | 1 |  1.0
Earth Magic    | 1 |  1.0
Alchemy        | 1 |  1.0
Fighting       | |  2.8
Dodging        | |  4.7
Unarmed Combat | |  6.6
Shapeshifting  | |  6.6

Action                     |  1- 3 |  4- 6 || total
---------------------------+-------+-------++-------
  Melee: Unarmed           |    62 |    24 ||    86
         Bite              |     4 |     3 ||     7
         Punch             |     1 |       ||     1
    Use: Scroll            |     2 |     2 ||     4
         Potion            |       |     1 ||     1
 Armour: Animal skin       |    12 |       ||    12
         Chain mail        |    18 |    17 ||    35
         Skin              |       |     1 ||     1
  Dodge: Dodged            |    33 |     7 ||    40

Table legend: (Time is in decaauts)
 A = Elapsed time spent in this place.
 B = Non-inter-level travel time spent in this place.
 C = Inter-level travel time spent in this place.
 D = Time resting spent in this place.
 E = Time spent auto-exploring this place.
 F = Levels seen in this place.
 G = Mean time per level.
                   A        B        C        D        E       F      G
               +--------+--------+--------+--------+--------+-----+--------+
         Total |   1648 |   1607 |     41 |     67 |    814 |   4 |  412.0 |
       Dungeon |   1539 |   1498 |     41 |      0 |    814 |   3 |  513.0 |
         Abyss |    108 |    108 |      0 |     67 |      0 |   1 |  108.0 |
               +--------+--------+--------+--------+--------+-----+--------+

Top non-repeatable levels by time:
     D:2: 834 daAuts
     D:1: 506 daAuts
     D:3: 198 daAuts
 Abyss:1: 108 daAuts
